 Dungeon Crawl Stone Soup version bcrawl-1.27.6 (webtiles) character file.

Game seed: 11633846916069632610

141112 DogServant the Cudgeler (level 5, -1/47 HPs)
             Began as a Sand Dwarf Skald on Oct 12, 2020.
             Slain by Natasha (4 damage)
             ... on level 3 of the Dungeon.
             The game lasted 00:04:05 (2329 turns).

DogServant the Cudgeler (Sand Dwarf Skald)          Turns: 2329, Time: 00:04:06

Health: -1/47      AC: 13    Str: 16    XL:     5   Next: 20%
Magic:  2/8        EV:  9    Int: 14    God:
Gold:   99         SH:  2    Dex: 10    Spells: 5/8 levels left

rFire    . . .     SeeInvis .   a - +0 mace
rCold    . . .     Gourm    .   (shield restricted)
rNeg     . . .     Faith    .   o - +0 chain mail
rPois    .         Spirit   .   i - +0 helmet
rElec    .         Reflect  .   p - +0 cloak
rCorr    .         Harm     .   (no gloves)
MR       .....                  (no boots)
Stlth    ..........             (no amulet)
HPRegen  0.15/turn              m - +3 ring of protection
MPRegen  0.11/turn              (no ring)

@: lethally poisoned (-1 -> -38), swift, infused (expiring), singing, flying,
quick
A: small, slowness 1, armour attunement
a: no special abilities


You were on level 3 of the Dungeon.
You were hungry.

You visited 1 branch of the dungeon, and saw 3 of its levels.

You collected 99 gold pieces.

Inventory:

Hand Weapons
 a - a +0 mace (weapon)
Armour
 i - a +0 helmet (worn)
 o - a +0 chain mail (worn)
 p - a +0 cloak (worn)
Jewellery
 m - a +3 ring of protection (left hand)
Scrolls
 c - 5 scrolls of teleportation {unknown}
 d - a scroll of fear
 k - a scroll of enchant armour {unknown}
 l - a scroll of amnesia {unknown}
 n - 4 scrolls of remove curse {unknown}
 q - a scroll of magic mapping {unknown}
Potions
 g - a potion of lignification {unknown}
 h - 2 potions of magic {unknown}
 j - 2 potions of curing {unknown}
 r - a potion of cancellation {unknown}
Comestibles
 e - 7 rations {!d}
 f - 2 chunks of flesh


   Skills:
 + Level 4.7 Fighting
 + Level 5.5 Maces & Flails
 + Level 1.8 Armour
 - Level 1.5 Dodging
 - Level 2.0 Spellcasting
 - Level 3.0 Charms


You had 5 spell levels left.
You knew the following spells:

 Your Spells              Type           Power        Failure   Level  Hunger
a - Infusion              Chrm           #.......     7%          1    None
b - Song of Slaying       Chrm           #.......     11%         2    ##.....

Your spell library contained the following spells:

 Spells                   Type           Power        Failure   Level  Hunger
 Ozocubu's Armour         Chrm/Ice       #.......     36%         3    ####...
 Regeneration             Chrm/Necr      #.........   36%         3    ####...
 Spectral Weapon          Hex/Chrm       #.......     36%         3    ####...


Dungeon Overview and Level Annotations

Branches:
Dungeon (3/12)

Altars:
Dithmenos
Elyvilon

Annotations:
D:3 Natasha


Innate Abilities, Weirdness & Mutations

You are small and have problems with some larger weapons.
You cover ground slowly.
Armour does not affect your spellcasting.


Message History

The gnoll sergeant hits you from afar with a +0 spear of venom.
You are more poisoned.
Natasha claws you but does no damage.
You hit Natasha.
Natasha is severely wounded.
You feel very sick. You block the gnoll sergeant's attack.
Natasha stares at you and mumbles some strange words.
The magic dart hits you.
* * * LOW HITPOINT WARNING * * *
It was a potion of flight.
You feel very buoyant.
You fly up into the air.
* * * LOW HITPOINT WARNING * * *
You feel very sick.
The gnoll sergeant hits you from afar with a +0 spear of venom.
* * * LOW HITPOINT WARNING * * *
You are more poisoned.
Natasha claws you.
You die...

#.#######
#....gh@########
#######.......P#
#.##....PP #.#
...PP # #.# ..#.
### #########.## ##
..# #..........#
#.# #.#######..#
.#.#####.#######..#


You could see a gnoll sergeant and Natasha.

Vanquished Creatures
  A crimson imp (D:2)
  An adder (D:3)
  2 oozes (D:1)
  4 worms
  4 dart slugs
  4 leopard geckos (D:1)
  4 bats
  2 giant cockroaches
  7 goblins
  10 hobgoblins
  2 jackals (D:1)
  3 quokkas
  A ball python (D:2)
  3 frilled lizards
  7 kobolds
  9 rats
64 creatures vanquished.

Notes
Turn   | Place    | Note
-------+----------+-------------------------------------------
     0 | D:1      | DogServant the Sand Dwarf Skald began the quest for the
                  | Orb.
     0 | D:1      | Reached XP level 1. HP: 18/18 MP: 3/3
   172 | D:1      | Reached XP level 2. HP: 25/25 MP: 5/5
   412 | D:1      | Reached skill level 4 in Maces & Flails
   505 | D:1      | Reached XP level 3. HP: 26/31 MP: 3/6
   694 | D:1      | Learned a level 2 spell: Song of Slaying
  1323 | D:2      | Reached XP level 4. HP: 23/40 MP: 1/7
  1335 | D:2      | Reached skill level 5 in Maces & Flails
  1572 | D:2      | Found a shadowy altar of Dithmenos.
  1852 | D:2      | Found a white marble altar of Elyvilon.
  2147 | D:3      | Reached XP level 5. HP: 46/47 MP: 2/8
  2315 | D:3      | Noticed Natasha
  2329 | D:3      | Slain by Natasha

Skill      XL: |  1  2  3  4 |
---------------+-------------+-----
Fighting       | 3 4 |  4.7
Maces & Flails | 4 5 |  5.5
Armour         | |  1.8
Dodging        | |  1.5
Spellcasting   | |  2.0
Charms         | |  3.0

Action                   |  1- 3 |  4- 6 || total
-------------------------+-------+-------++-------
Melee: Mace              |   136 |   107 ||   243
 Cast: Infusion          |     8 |     4 ||    12
       Song of Slaying   |     3 |     4 ||     7
  Use: Potion            |       |     1 ||     1
  Eat: Chunk             |     4 |     6 ||    10
       Ration            |     1 |       ||     1
Armor: Leather armour    |    43 |     4 ||    47
       Chain mail        |       |    53 ||    53
Dodge: Dodged            |   136 |    40 ||   176
Block: Other             |     4 |     9 ||    13
